 Dungeon Crawl Stone Soup version 0.32-a0-900-g30fb1b0edc (webtiles) character file.

Game seed: 10028999498130384857

2993 ezpacito the Trooper (level 9, -3/65 (69) HPs)
             Began as a Coglin Chaos Knight on Apr 5, 2024.
             Was a Plaything of Xom.
             Slain by a wight
             ... wielding a +5 great sword
              (28 damage)
             ... on level 8 of the Dungeon.
             The game lasted 00:10:42 (5110 turns).

ezpacito the Trooper (Coglin Chaos Knight)          Turns: 5110, Time: 00:10:42

HP:   -3/65 (69)    AC: 20    Str: 15    XL:     9   Next: 83%
MP:   13/13         EV: 10    Int: 15    God:    Xom [.....*]
Gold: 291           SH:  0    Dex: 16    Spells: 14/14 levels left

rFire   . . .        a - +0 hand axe (chaos) {Chinhae}
rCold   + . .        b - +0 trident {Chikashi}
rNeg    . . .        d - +3 scale mail
rPois   +            h - +2 hat
rElec   +            u - scarf {shadows}
rCorr   .            r - +2 pair of gloves
SInv    .            j - +2 pair of boots of the Buccaneer {rElec rC+ Regen+}
Will    .....        (amulet unavailable)
Stlth   ++           (ring unavailable)
HPRegen 1.10/turn    (ring unavailable)
MPRegen 0.13/turn    (no gizmo)

%: no passive effects
@: drained, revving
A: off-hand wielding, slow wielding, warmup strikes, no jewellery, iridescent
scales 1, thin skeletal structure 1, clever 1, poison resistance, teleportitis 1
a: Invent Gizmo, Renounce Religion


You were on level 8 of the Dungeon.
You worshipped Xom.
You were Xom's teddy bear.
You visited 1 branch of the dungeon, and saw 8 of its levels.

You collected 368 gold pieces.
You spent 77 gold pieces at shops.

Inventory:

Hand Weapons
 a - a +0 hand axe of chaos (weapon) {Chinhae}
 b - a +0 trident (offhand) {Chikashi}
 e - a +0 vampiric war axe
 g - a -1 demon whip of venom
Missiles
 k - 21 poisoned darts (quivered)
 l - 2 throwing nets
 s - 11 boomerangs
Armour
 d - a +3 scale mail (worn)
 h - a +2 hat (worn)
 j - the +2 pair of boots of the Buccaneer (worn) {rElec rC+ Regen+}
   (You found it on level 4 of the Dungeon)

   rC+:       It protects you from cold.
   rElec:     It insulates you from electricity.
   Regen+:    It increases your rate of health regeneration.
 r - a +2 pair of gloves (worn)
 u - a scarf of shadows (worn)
 y - a +0 plate armour
Talismans
 m - a serpent talisman
 o - a flux talisman
Scrolls
 f - 2 scrolls of immolation
 w - 2 scrolls of silence
Potions
 c - a potion of magic


   Skills:
 * Level 6.2 Fighting
 * Level 6.1(7.1) Axes
 * Level 4.7(6.0) Polearms
 * Level 5.2 Armour
 * Level 4.8 Dodging
 + Level 3.3 Stealth
 + Level 3.0 Spellcasting


You had 14 spell levels left.
You didn't know any spells.
Your spell library contained the following spells:

 Spells                   Type           Power      Damage    Failure   Level
 Dazzling Flash           Conj/Hex       4%         N/A       91%         3
 Frozen Ramparts          Ice            4%         1d1       91%         3
 Ozocubu's Armour         Ice            2%         N/A       91%         3
 Metabolic Englaciation   Hex/Ice        1%         N/A       100%        5
 Starburst                Conj/Fire      1%         6d3       100%        6
 Maxwell's Capacitive Co  Air            1%         ∞         100%        8


Dungeon Overview and Level Annotations

Branches:
Dungeon (8/15)             Temple (0/1) D:4
   Lair: D:8-11

Altars:
Cheibriados
Elyvilon
Fedhas
Okawaru
Ru
Sif Muna
Vehumet
Xom

Shops:
D:2 [   D:5 (


Innate Abilities, Weirdness & Mutations

You can wield a second weapon in your off-hand.
It takes a long time for you to wield or remove held weapons.
Your first few attacks do less damage.
You cannot equip rings or amulets.
You are partially covered in iridescent scales. (AC +2)
You have a somewhat thin skeletal structure. (Dex +2, Stealth+)
Your mind is acute. (Int +4, Str/Dex -1)
Your system is resistant to poisons. (rPois)
You are occasionally teleported next to monsters.


Message History

The wight barely misses you.
You take 10 damage, and have 47/65 hp.
Okay, then.
The wight attacks as it pursues you! The wight hits you with a +0 mace.
The wight hits you but does no damage. The wight attacks as it pursues you!
The wight barely misses you.
You take 3 damage, and have 44/65 hp.
The wight attacks as it pursues you!
The wight hits you with a +0 great sword!
The wight attacks as it pursues you! The wight hits you but does no damage.
The wight misses you.
You take 9 damage, and have 35/65 hp.
The wight attacks as it pursues you!
The wight hits you with a +5 great sword!!
* * * LOW HITPOINT WARNING * * *
The wight attacks as it pursues you! The wight hits you but does no damage.
You take 18 damage, and have 17/65 hp.
MASSIVE DAMAGE!!
The wight attacks as it pursues you! The wight hits you but does no damage.
The wight barely misses you.
Okay, then.
Okay, then.
Okay, then.
Xom complains about the scenery.
The wight hits you but does no damage.
Found an escape hatch in the floor. "I like them better like this."
The water moccasin reforms as a javelin.
The wight attacks as it pursues you! The wight misses you.
The wight hits you but does no damage. The wight attacks as it pursues you!
The wight barely misses you.
The wight is no longer covered in acid.
The wight attacks as it pursues you! The wight closely misses you.
The gnoll attacks as it pursues you! The gnoll misses you.
The wight hits you but does no damage.
You hit the wight with your +0 trident.
The wight is moderately damaged.
You hit the wight with your +0 hand axe of chaos.
The wight appears confused.
You hit the wight but do no damage.
The wight hits you with a +5 great sword!!
You die...
Xom howls with laughter!

#...# ... >.#..##....#..#
#......#..#............
#....#.#..............##
##....... ...............
........####.)............
#.......#z@...............
##.....zgz..>.............
#......zz..##....<........
###.........##...<..........
###.#._........##.............
#.$...........................
.. .#....(.....##...............
....##........###..............#
....))......#.............[....#


You could see 5 wights and a gnoll.

Vanquished Creatures
  A two-headed ogre (D:5)
  A warg (D:7)
  2 steam dragons
  2 water moccasins
  An orc warrior (D:6)
  A black bear (D:5)
  A sky beast (D:5)
  2 centaurs (D:7)
  A phantom (D:6)
  A kobold brigand (D:7)
  3 bullfrogs
  A scorpion (D:5)
  A gnoll sergeant (D:8)
  A jelly (D:7)
  4 howler monkeys (D:7)
  2 bombardier beetles
  3 orc priests (D:6)
  A hound (D:6)
  A jelly (shapeshifter) (D:6)
  2 gnoll boudas
  2 iguanas (D:5)
  4 orc wizards
  4 adders
  13 gnolls
  A white imp (D:6)
  3 ribbon worms
  16 orcs
  3 ball pythons (D:2)
  7 endoplasms
  8 giant cockroaches
  17 goblins
  14 hobgoblins
  5 jackals
  14 kobolds
  4 quokkas
  5 bats
  3 frilled lizards
  4 rats
159 creatures vanquished.

Notes
Turn   | Place    | Note
-------+----------+-------------------------------------------
     0 | D:1      | ezpacito the Coglin Chaos Knight began the quest for the
                  | Orb.
     0 | D:1      | Reached XP level 1. HP: 18/18 MP: 1/1
    37 | D:1      | Reached skill level 1 in Dodging
    38 | D:1      | Reached XP level 2. HP: 21/24 MP: 2/2
   333 | D:1      | Reached XP level 3. HP: 26/29 MP: 3/3
   665 | D:2      | Reached skill level 1 in Polearms
   791 | D:2      | Reached XP level 4. HP: 30/35 MP: 4/4
   943 | D:2      | XOM: give mutations
   943 | D:2      | Gained mutation: You are resistant to electric shocks.
                  | (rElec) [Xom's mischief]
   943 | D:2      | Gained mutation: Your body sometimes deteriorates upon
                  | taking damage. [Xom's mischief]
   943 | D:2      | Gained mutation: Your mind is acute. (Int +4, Str/Dex -1)
                  | [Xom's mischief]
   943 | D:2      | Lost mutation: You are resistant to electric shocks.
                  | (rElec) [Xom's mischief]
   970 | D:2      | Found Erphou Qylypn's Armour Shoppe.
  1113 | D:2      | XOM: blink monster(s)
  1286 | D:2      | XOM: chaos cloud
  1293 | D:2      | Reached XP level 5. HP: 41/41 MP: 5/5
  1386 | D:2      | XOM: give mutations
  1386 | D:2      | Gained mutation: You occasionally lose the ability to drink
                  | potions when taking damage. [Xom's mischief]
  1386 | D:2      | Gained mutation: You are occasionally teleported next to
                  | monsters. [Xom's mischief]
  2108 | D:4      | Reached skill level 1 in Stealth
  2139 | D:4      | Found a staircase to the Ecumenical Temple.
  2242 | D:4      | Found a blossoming altar of Fedhas.
  2419 | D:4      | Identified the +2 pair of boots of the Buccaneer {rElec rC+
                  | Regen+}
  2443 | D:4      | XOM: give mutations
  2443 | D:4      | Gained mutation: Your system is resistant to poisons.
                  | (rPois) [Xom's mischief]
  2443 | D:4      | Lost mutation: You occasionally lose the ability to drink
                  | potions when taking damage. [Xom's mischief]
  2443 | D:4      | Gained mutation: You have a pair of small horns on your
                  | head. [Xom's mischief]
  2443 | D:4      | Gained mutation: You have a somewhat thin skeletal
                  | structure. (Dex +2, Stealth+) [Xom's mischief]
  2532 | D:5      | Entered Level 5 of the Dungeon
  2568 | D:5      | Noticed a black bear
  2590 | D:5      | Killed a black bear
  2591 | D:5      | Reached skill level 1 in Spellcasting
  2591 | D:5      | Reached XP level 6. HP: 35/48 MP: 7/7
  2713 | D:5      | Found a white marble altar of Elyvilon.
  2713 | D:5      | Found a sacrificial altar of Ru.
  2713 | D:5      | Found a snail-covered altar of Cheibriados.
  2713 | D:5      | Found a shimmering blue altar of Sif Muna.
  2719 | D:5      | Found a shimmering altar of Xom.
  2864 | D:5      | Noticed a two-headed ogre
  2866 | D:5      | XOM: smoke on damage
  2886 | D:5      | Lost mutation: Your body sometimes deteriorates upon taking
                  | damage. [potion of mutation]
  2886 | D:5      | Lost mutation: You have a pair of small horns on your head.
                  | [potion of mutation]
  2886 | D:5      | Gained mutation: You are partially covered in iridescent
                  | scales. (AC +2) [potion of mutation]
  3141 | D:5      | Noticed a water moccasin
  3155 | D:5      | Killed a water moccasin
  3156 | D:5      | Reached XP level 7. HP: 43/54 MP: 7/9
  3220 | D:5      | Found Lolacw's Antique Weapon Shoppe.
  3227 | D:5      | Bought a trident for 77 gold pieces
  3325 | D:5      | Killed a two-headed ogre
  3326 | D:5      | Reached XP level 8. HP: 17/61 MP: 9/11
  3471 | D:5      | Reached skill level 5 in Fighting
  3693 | D:5      | Reached skill level 5 in Axes
  4001 | D:6      | Reached XP level 9. HP: 68/68 MP: 12/12
  4060 | D:6      | XOM: polymorph hound -> shapeshifter
  4110 | D:6      | XOM: 1-stop teleportation journey
  4293 | D:7      | XOM: polymorph orc -> warg
  4309 | D:7      | HP: 2/68 [warg (7)]
  4312 | D:7      | XOM: enchant monster (bad)
  4444 | D:7      | XOM: scenery: 3 doors close
  4664 | D:7      | Found an iron altar of Okawaru.
  4958 | D:8      | Reached skill level 5 in Armour
  4958 | D:8      | Noticed Amaemon
  4958 | D:8      | Noticed an orange demon
  4983 | D:7      | Found a radiant altar of Vehumet.
  5014 | D:7      | XOM: summons 5 hostile demons
  5035 | D:8      | Amaemon changed into Amaemon the steam dragon
  5035 | D:8      | Noticed Amaemon
  5035 | D:8      | XOM: polymorph Amaemon -> Amaemon the steam dragon
  5052 | D:8      | Killed Amaemon the steam dragon
  5105 | D:8      | XOM: scenery: create altars
  5106 | D:8      | XOM: snakes to sticks
  5110 | D:8      | Slain by a wight

Illustrated notes

Levels and vault maps discovered:
D:1:      dpeg_arrival_windows_large_door, layout_basic, serial_park_tiny_pond
D:2:      layout_basic, serial_shops, shop, st_stairs_9, grunt_decor_fettered,
          minmay_joined_circles
D:3:      layout_rooms
D:4:      kennysheep_the_goblin_king, layout_cave_pools, lemuel_doored_altar,
          minmay_temple_entry_statues_pillars
D:5:      layout_loops_corners, grunt_temple_overflow_open, serial_shops, shop
D:6:      dreamdust_elfheim, layout_basic
D:7:      layout_basic, nicolae_overflow_hidden_temple,
          mainiacjoe_overflow_small_starburst
D:8:      layout_cave_pools, nicolae_qazlal_style_of_elements,
          minmay_door_square, david_defended_altar_orc, uniq_amaemon

Skill      XL: |  1  2  3  4  5  6  7  8  9 |
---------------+----------------------------+-----
Dodging        | 1 2 3 4 |  4.8
Armour         | 2 3 4 5 |  5.2
Polearms       | 1 2 3 4 |  4.7
Stealth        | 1 2 3 |  3.3
Spellcasting   | 1 2 3 |  3.0
Fighting       | 4 5 6 |  6.2
Axes           | 4 5 6 |  6.1

Action                     |  1- 3 |  4- 6 |  7- 9 || total
---------------------------+-------+-------+-------++-------
  Melee: Hand axe          |    64 |   160 |   195 ||   419
         Dagger            |    60 |     8 |       ||    68
         Spear             |       |   186 |    11 ||   197
         Headbutt          |       |     6 |       ||     6
         Trident           |       |       |   219 ||   219
  Throw: Dart              |       |       |     2 ||     2
    Use: Scroll            |       |    11 |     7 ||    18
         Potion            |       |    11 |     4 ||    15
   Stab: Sleeping          |     1 |     3 |     4 ||     8
         Confused          |       |     4 |     7 ||    11
         Distracted        |       |     1 |     2 ||     3
         Paralysed         |       |     2 |       ||     2
         Petrifying        |       |       |     3 ||     3
 Armour: Leather armour    |    38 |   130 |       ||   168
         Scale mail        |       |    14 |   228 ||   242
  Dodge: Dodged            |    33 |   100 |   158 ||   291

Table legend: (Time is in decaauts)
 A = Elapsed time spent in this place.
 B = Non-inter-level travel time spent in this place.
 C = Inter-level travel time spent in this place.
 D = Time resting spent in this place.
 E = Time spent auto-exploring this place.
 F = Levels seen in this place.
 G = Mean time per level.
                   A        B        C        D        E       F      G
               +--------+--------+--------+--------+--------+-----+--------+
         Total |   5093 |   4834 |    259 |    104 |   3529 |   8 |  636.6 |
       Dungeon |   5093 |   4834 |    259 |    104 |   3529 |   8 |  636.6 |
               +--------+--------+--------+--------+--------+-----+--------+

Top non-repeatable levels by time:
     D:5: 1263 daAuts
     D:2: 849 daAuts
     D:7: 748 daAuts
     D:1: 663 daAuts
     D:4: 540 daAuts
     D:3: 474 daAuts
     D:6: 454 daAuts
     D:8: 99 daAuts
